 Dungeon Crawl Stone Soup version 0.31.0-12-g77e489cdc1 (webtiles) character file.

Game seed: 641121489625800442

74 jagang the Trooper (level 4, -3/37 HPs)
             Began as a Human Monk on Feb 12, 2024.
             Slain by Grinder (10 damage)
             ... on level 3 of the Dungeon.
             The game lasted 00:02:33 (2152 turns).

jagang the Trooper (Human Monk)                     Turns: 2152, Time: 00:02:33

Health: -3/37      AC:  3    Str: 11    XL:     4   Next: 30%
Magic:  4/4        EV: 13    Int: 10    God:
Gold:   141        SH:  0    Dex: 18    Spells: 3/3 levels left

rFire   . . .        a - +0 falchion
rCold   . . .        d - orb {light}
rNeg    . . .        b - +0 robe
rPois   .            (no helmet)
rElec   .            (no cloak)
rCorr   .            n - +0 pair of gloves
SInv    .            (no boots)
Will    .....        (no amulet)
Stlth   +            (no ring)
HPRegen 0.26/turn    (no ring)
MPRegen 0.09/turn

%: no passive effects
@: glowing
A: explore regen
a: no special abilities


You were on level 3 of the Dungeon.
You visited 1 branch of the dungeon, and saw 3 of its levels.

You collected 141 gold pieces.

Inventory:

Hand Weapons
 a - a +0 falchion (weapon)
Missiles
 j - 7 poisoned darts (quivered)
 m - 4 boomerangs
Armour
 b - a +0 robe (worn)
 d - an orb of light (worn)
 n - a +0 pair of gloves (worn)
Scrolls
 g - a scroll of enchant armour {unknown}
 i - a scroll of poison {unknown}
 k - a scroll of vulnerability {unknown}
 o - a scroll of butterflies {unknown}
 p - 2 scrolls of teleportation {unknown}
 q - a scroll of identify {unknown}
 s - a scroll of enchant weapon {unknown}
Potions
 c - a potion of ambrosia
 e - a potion of attraction {unknown}
 f - a potion of haste {unknown}
 h - 2 potions of heal wounds {unknown}
 l - a potion of invisibility {unknown}
 r - 2 potions of curing {unknown}


   Skills:
 * Level 3.9 Fighting
 * Level 3.9 Long Blades
 + Level 1.5 Armour
 - Level 3.0 Dodging


You had 3 spell levels left.
You didn't know any spells.
Your spell library contained the following spells:

 Spells                   Type           Power      Damage    Failure   Level
 Apportation              Tloc           0%         N/A       36%         1
 Necrotise                Necr           0%         1d4       36%         1
 Sandblast                Erth           0%         2d4       36%         1
 Sting                    Conj/Alch      0%         1d3       36%         1
 Summon Small Mammal      Summ           0%         N/A       36%         1
 Blink                    Tloc           0%         N/A       50%         2
 Lesser Beckoning         Tloc           0%         N/A       50%         2
 Momentum Strike          Conj/Tloc      0%         3d8       50%         2
 Scorch                   Fire           0%         2d5       50%         2
 Sublimation of Blood     Necr           0%         N/A       50%         2
 Petrify                  Alch/Erth      0%         N/A       98%         4
 Irradiate                Conj/Alch      0%         3d11      100%        5
 Lee's Rapid Deconstruct  Erth           0%         3d4*      100%        5


Dungeon Overview and Level Annotations

Branches:
Dungeon (3/15)

Altars:
Ashenzari
Dithmenos

Annotations:
D:3 Grinder


Innate Abilities, Weirdness & Mutations

You regain HP and MP as you explore.


Message History

Grinder blinks!
You start resting.
Grinder is nearby!
You slash Grinder!
Grinder is severely wounded.
Grinder hits you.
You writhe in agony.
* * * LOW HITPOINT WARNING * * *
You hit Grinder but do no damage.
Grinder is severely wounded.
Grinder blinks!
You hit Grinder.
Grinder is severely wounded.
Grinder gestures at you.
You suddenly lose the ability to move!
Grinder hits you but does no damage.
You can move again.
You barely miss Grinder.
Grinder is severely wounded.
Grinder says, "You look like you could use a good racking."
Grinder hits you.
* * * LOW HITPOINT WARNING * * *
Grinder misses you.
You hit Grinder.
Grinder is almost dead.
Grinder hits you.
* * * LOW HITPOINT WARNING * * *
You hit Grinder.
Grinder is almost dead.
Grinder gestures at you. You resist with significant effort.
You hit Grinder but do no damage.
Grinder is almost dead.
Grinder blinks!
You are too injured to fight recklessly!
Grinder blinks!
You start resting.
Grinder is nearby!
Grinder hits you!
You die...
Grinder sighs, "Dead already?
I want a refund."

........#.#..#....).....#...#....
........#.#.............######...
#######.#.#..####......##.#..##..
......#.#.#..# #.....##..#...##.
.....#.#.#..# #....##...#....##
#...#.#.#..####...##.... #
#...#.#.#........##.....
#...#.#.#..####.##......
#...'.#.#....5@...>...#
#...#.'.#....##.####.##
#...#.#.#....#### .....#.#.#....#
......#.#.#....# #######.#.#..5..
........#.#..... #########.+.....
.#


You could see Grinder.

Vanquished Creatures
  2 adders
  3 dart slugs
  5 ball pythons
  8 endoplasms
  2 giant cockroaches
  4 goblins
  5 hobgoblins
  A quokka (D:2)
  5 bats
  4 frilled lizards
  4 kobolds
  7 rats
50 creatures vanquished.

Notes
Turn   | Place    | Note
-------+----------+-------------------------------------------
     0 | D:1      | jagang the Human Monk began the quest for the Orb.
     0 | D:1      | Reached XP level 1. HP: 18/18 MP: 1/1
   160 | D:1      | Reached XP level 2. HP: 14/24 MP: 2/2
  1112 | D:2      | Reached XP level 3. HP: 29/29 MP: 3/3
  1213 | D:2      | Reached skill level 1 in Armour
  1524 | D:2      | Got Sif Muna's Information on the Molten Tektite
  1872 | D:3      | Reached XP level 4. HP: 34/37 MP: 4/4
  1908 | D:3      | Found a shadowy altar of Dithmenos.
  2030 | D:3      | Found a broken altar of Ashenzari.
  2121 | D:3      | Noticed Grinder
  2139 | D:3      | Paralysed by Grinder for 2 turns
  2152 | D:3      | Slain by Grinder

Illustrated notes

Levels and vault maps discovered:
D:1:      dpeg_arrival_triangle_fractal, layout_basic,
          chequers_serial_rivers_room_b
D:2:      layout_rooms, serial_bayou, serial_bayou_shore_b, serial_bayou_pond_e,
          serial_bayou_pond_a, serial_bayou_lake_a, serial_bayou_shore_b,
          serial_bayou_pond_d, nicolae_elevator_lobby_plus
D:3:      layout_basic, mainiacjoe_overflow_catch_the_wave,
          nicolae_ashenzari_panopticon, mainiacjoe_overflow_brackets,
          minivault_19, uniq_grinder

Skill      XL: |  1  2  3 |
---------------+----------+-----
Armour         | 1 |  1.5
Fighting       | |  3.9
Long Blades    | |  3.9
Dodging        | |  3.0

Action                     |  1- 3 |  4- 6 || total
---------------------------+-------+-------++-------
  Melee: Falchion          |    96 |    26 ||   122
   Stab: Sleeping          |     1 |       ||     1
 Armour: Robe              |    47 |    10 ||    57
  Dodge: Dodged            |    65 |    12 ||    77
